 Dungeon Crawl Stone Soup version 0.18.1-8-gdd0e5ea (webtiles) character file.

20992 Scarto the Fighter (level 12, -6/88 HPs)
             Began as a Demonspawn Fighter on May 22, 2016.
             Was a High Priest of Makhleb.
             Killed from afar by a starcursed mass (9 damage)
             ... with an accursed screaming
             ... on level 1 of the Abyss.
             The game lasted 00:33:47 (12522 turns).

Scarto the Fighter (Demonspawn Fighter)            Turns: 12522, Time: 00:33:47

Health: -6/88      AC: 31    Str: 23    XL:     12   Next: 50%
Magic:  15/15      EV:  6    Int: 10    God:    Makhleb [*****.]
Gold:   298        SH: 17    Dex: 19    Spells: 0 memorised, 11 levels left

rFire  . . .     SeeInvis .     H - +2 flail (protect)
rCold  + . .     Gourm    +     o - +4 plate armour
rNeg   . . .     Faith    .     I - +2 shield
rPois  .         Spirit   .     t - +2 hat
rElec  .         Dismiss  .     B - +2 cloak {+Inv}
rCorr  .         Reflect  .     (no gloves)
SustAt .         Harm     .     (no boots)
MR     +....                    F - amulet of the gourmand
Stlth  ..........               x - ring of protection from magic
                                g - +4 ring of dexterity

@: about to teleport, somewhat resistant to hostile enchantments, extremely
unstealthy
A: hooves 2, horns 1, large bone plates 2, agile 1, cold resistance 1, frail 1,
low mp 1, nightstalker 1, regeneration 1, screaming 1, spiny 1, strong 1
a: Minor Destruction, Lesser Servant of Makhleb, Major Destruction, Greater
Servant of Makhleb, Renounce Religion, Evoke Invisibility


You were on level 1 of the Abyss.
You worshipped Makhleb.
Makhleb was extremely pleased with you.
You were very full.

You visited 1 branch of the dungeon, and saw 13 of its levels.
You visited the Abyss 1 time.

You collected 756 gold pieces.
You spent 458 gold pieces at shops.

Inventory:

Hand Weapons
 E - a +1 broad axe
 H - a +2 flail of protection (weapon)
 N - a +0 flail of protection
Missiles
 a - 10 tomahawks
 v - 40 bolts
 C - 2 javelins (quivered)
Armour
 o - a +4 plate armour (worn)
 t - a +2 hat (worn)
 B - a +2 cloak of invisibility (worn)
 I - a +2 shield (worn)
Jewellery
 g - a +4 ring of dexterity (left hand)
 x - a ring of protection from magic (right hand)
 D - a +5 ring of intelligence
 F - an amulet of the gourmand (around neck)
 P - a +2 ring of dexterity
Wands
 p - a wand of teleportation (3/9)
 u - a wand of acid (9/15)
 z - a wand of flame (25/48)
 Q - a wand of random effects (37/48)
Scrolls
 c - 3 scrolls of identify
 d - 3 scrolls of teleportation
 e - a scroll of fear
 j - a scroll of noise
 n - a scroll of recharging
 q - 3 scrolls of remove curse
 y - a scroll of fog
 A - 2 scrolls of blinking
 K - a scroll of magic mapping
 L - a scroll of immolation {unknown}
Potions
 h - a potion of berserk rage
 i - 3 potions of cure mutation
 k - 4 potions of lignification
 l - 3 potions of brilliance
 r - 2 potions of agility
 s - 2 potions of resistance
 w - a potion of curing
 G - a potion of invisibility
 O - a potion of might
Comestibles
 b - 7 beef jerkies
 f - 13 bread rations
 m - 6 fruits
 J - 2 slices of pizza
 M - 4 meat rations


   Skills:
 + Level 10.4 Fighting
 + Level 9.2(9.8) Axes
 + Level 4.8(7.6) Maces & Flails
   Level 2.2(6.2) Polearms
 + Level 9.4 Armour
 + Level 9.1 Shields
 + Level 7.4 Invocations


You had 11 spell levels left.
You didn't know any spells.

Dungeon Overview and Level Annotations

Branches:
Dungeon (13/15)            Temple (0/1) D:5            Lair (0/8) D:9
    Orc (0/2) D:9
 Vaults: D:13-14

Altars:
Ashenzari
Kikubaaqudgha
Makhleb
Nemelex Xobeh
Okawaru
Pakellas
Qazlal
Yredelemnul
The Shining One
Beogh

Shops:
D:7 !   D:8 *   D:9 (   D:10 ?   D:11 *   D:12 (

Portals:
Trove: D:13 (give 4 potions of resistance)

Annotations:
D:13 Sonja


Innate Abilities, Weirdness & Mutations

You have hoof-like feet.
You are mostly covered in large bone plates (AC +3, SH +3).
Your flesh is cold resistant.
You are slightly more attuned to the shadows.
You are partially covered in sharp spines.
You have a pair of small horns on your head.
You are agile. (Dex +2)
You are frail (-10% HP).
Your magical capacity is low (-10% MP).
Your natural rate of healing is unusually fast.
You occasionally shout uncontrollably at your foes.
Your muscles are strong. (Str +2)


Message History

The starcursed mass shrieks in your mind.
A tentacled starspawn comes into view.
Read which item? (? for menu, Esc to quit)
As you read the scroll of teleportation, it crumbles to dust.
You feel strangely unstable.
You feel the power of the Abyss delaying your translocation!
A starcursed mass splits.
A chorus of shrieks assaults your mind.
Tentacles burst from the starspawn's body! 2 starspawn tentacles come into view.
The hellion gestures at you.
The damnation unfurls!
The damnation engulfs you!
* * * LOW HITPOINT WARNING * * *
You hear a chilling moan. x2
A starcursed mass splits.
The hellion gestures at you.
The damnation unfurls!
The damnation engulfs you!
* * * LOW HITPOINT WARNING * * *
A chorus of shrieks assaults your mind.
You die...

#.. .. . .
#.......# #
#.......#
##.......# #
.........# .# .
#
#........##'##.
##..#......... .
# ##
.#..............
# #.
.#.....@########
# #......#......
# .
..####..2#.....
. . . #
.#.#...... # . .
...#X#XX#..#..
## #. # #
.#...#.#.#...
##. #.
##.#..#.## .# .
# # # ###.#.# .
. . .#


XX. ## You could see 2 starcursed masses, a tentacled starspawn and a hellion.

Vanquished Creatures
  Erica (D:8)
  The ghost of imganon the Cleaver, a novice DsBe of Trog (D:10)
  A thrashing horror (Abyss:1)
  A large abomination (Abyss:1)
  A skeletal warrior (D:11)
  An unseen horror (D:12)
  4 hill giants
  Pikel (D:7)
  An ugly thing (D:12)
  A manticore (D:11)
  A griffon (D:13)
  A cyclops (D:12)
  A worldbinder (Abyss:1)
  An elephant (D:9)
  The ghost of Denapoli the Chopper, a novice HOFi (D:4)
  Joseph (D:7)
  2 gargoyles
  A kobold demonologist (D:13)
  A freezing wraith (Abyss:1)
  An ancient zyme (Abyss:1)
  The ghost of eragonby the Destroyer, a novice DECj of Vehumet (D:5)
  A troll (D:11)
  Prince Ribbit (D:6)
  3 flying skulls (Abyss:1)
  A wraith (D:12)
  2 wyverns (D:11)
  Grum (D:9)
  A neqoxec (Abyss:1)
  11 vampire mosquitoes
  A hippogriff (D:7)
  Menkaure (D:4)
  Purgy (D:3)
  3 black bears
  6 orc warriors
  4 ice beasts
  A slave (D:7)
  A wasp (D:11)
  3 sky beasts
  2 phantoms
  An eye of draining (D:10)
  5 ogres
  2 wolves (D:9)
  2 centaurs
  7 giant frogs
  A wyvern zombie (D:12)
  2 gnoll sergeants
  8 killer bees
  2 howler monkeys
  4 crimson imps
  3 centaur zombies
  A jelly (D:12)
  A quasit (D:9)
  4 hounds
  9 orc priests
  Crazy Yiuf (D:7)
  5 giant frog skeletons
  3 centaur skeletons
  19 orc wizards
  Jessica (D:3)
  7 iguanas
  5 worker ants
  A sheep (D:9)
  A hound zombie (D:4)
  A worker ant zombie (D:7)
  Robin (D:4)
  20 gnolls
  12 adders
  2 shadow imps
  A white imp (Abyss:1)
  5 oozes
  An adder zombie (D:3)
  A worm (D:2)
  4 dart slugs
  3 giant geckos
  47 orcs
  A ball python (D:2)
  5 bats
  3 giant cockroaches
  19 goblins
  7 hobgoblins
  15 jackals
  4 kobolds (D:3)
  3 quokkas
  A giant gecko skeleton (D:5)
  4 giant newts
  A quokka skeleton (D:6)
  5 rats
  A bush (D:7)
  3 fungi (D:7)
334 creatures vanquished.

Vanquished Creatures (collateral kills)
  A death knight (D:11)
  A phantasmal warrior (D:11)
  A wraith (D:11)
  An orc warrior (D:11)
  A wasp (D:10)
  A crocodile (D:9)
  2 orcs
8 creatures vanquished.

Vanquished Creatures (others)
  Erolcha (D:10)
  A slave (D:7)
  An orc wizard (D:10)
  An orc (D:7)
  2 starspawn tentacles (Abyss:1)
6 creatures vanquished.

Grand Total: 348 creatures vanquished

Notes
Turn   | Place    | Note
--------------------------------------------------------------
     0 | D:1      | Scarto the Demonspawn Fighter began the quest for the Orb.
     0 | D:1      | Reached XP level 1. HP: 18/18 MP: 1/1
    53 | D:1      | Gained mutation: You are partially covered in large bone plates (AC +2, SH +2). [demonic ancestry]
    53 | D:1      | Reached XP level 2. HP: 17/24 MP: 2/2
   380 | D:1      | Reached XP level 3. HP: 28/29 MP: 3/3
  1263 | D:3      | Found a shattered altar of Ashenzari.
  1284 | D:3      | Gained mutation: You have large cloven feet. [demonic ancestry]
  1284 | D:3      | Reached XP level 4. HP: 37/37 MP: 4/4
  1303 | D:3      | Noticed Jessica
  1316 | D:3      | Killed Jessica
  1368 | D:3      | Reached skill level 4 in Fighting
  1427 | D:3      | Found a burning altar of Makhleb.
  1445 | D:3      | Became a worshipper of Makhleb the Destroyer
  1809 | D:3      | Gained mutation: You are partially covered in sharp spines. [demonic ancestry]
  1809 | D:3      | Reached XP level 5. HP: 42/42 MP: 5/5
  1875 | D:3      | Noticed Purgy
  1881 | D:3      | Killed Purgy
  2095 | D:3      | Gained mutation: You are agile. (Dex +2) [potion of mutation]
  2095 | D:3      | Gained mutation: You are frail (-10% HP). [potion of mutation]
  2125 | D:4      | Gained mutation: You are slightly more attuned to the shadows. [demonic ancestry]
  2125 | D:4      | Reached XP level 6. HP: 41/44 MP: 6/6
  2137 | D:4      | Noticed Robin
  2141 | D:4      | Reached * piety under Makhleb
  2147 | D:4      | Killed Robin
  2190 | D:4      | Found a basalt altar of Yredelemnul.
  2234 | D:4      | Noticed Denapoli's ghost (novice HOFi)
  2241 | D:4      | Reached skill level 5 in Fighting
  2241 | D:4      | Reached XP level 7. HP: 37/50 MP: 7/7
  2245 | D:4      | Killed Denapoli's ghost
  2530 | D:4      | Noticed Menkaure
  2539 | D:4      | Killed Menkaure
  2539 | D:4      | Reached skill level 5 in Armour
  2539 | D:4      | Gained mutation: You are mostly covered in large bone plates (AC +3, SH +3). [demonic ancestry]
  2539 | D:4      | Reached XP level 8. HP: 46/57 MP: 8/8
  2546 | D:4      | Reached skill level 5 in Shields
  2648 | D:4      | Reached ** piety under Makhleb
  2663 | D:4      | Reached skill level 6 in Fighting
  2853 | D:5      | Entered Level 5 of the Dungeon
  2888 | D:5      | Reached skill level 5 in Axes
  2979 | D:5      | Noticed eragonby's ghost (novice DECj)
  2995 | D:5      | Killed eragonby's ghost
  3550 | D:5      | Found a staircase to the Ecumenical Temple.
  3732 | D:5      | Reached XP level 9. HP: 63/63 MP: 9/9
  3845 | D:6      | Reached skill level 7 in Fighting
  3886 | D:6      | Reached *** piety under Makhleb
  3988 | D:6      | Noticed Prince Ribbit
  3995 | D:6      | Found a sparkling altar of Nemelex Xobeh.
  4001 | D:6      | Killed Prince Ribbit
  4151 | D:6      | Found a glowing golden altar of the Shining One.
  4948 | D:7      | Noticed Joseph
  4996 | D:7      | Killed Joseph
  4996 | D:7      | Reached skill level 8 in Fighting
  5064 | D:7      | Reached **** piety under Makhleb
  5146 | D:7      | Found Sagronwy's Distillery.
  5150 | D:7      | Bought a potion of might for 56 gold pieces
  5150 | D:7      | Bought a potion of curing for 42 gold pieces
  5150 | D:7      | Bought a potion of curing for 42 gold pieces
  5150 | D:7      | Bought a potion of heal wounds for 70 gold pieces
  5426 | D:7      | Gained mutation: You have hoof-like feet. [demonic ancestry]
  5426 | D:7      | Reached XP level 10. HP: 59/72 MP: 10/10
  5550 | D:7      | Noticed Pikel
  5623 | D:7      | Killed Pikel
  5865 | D:7      | Noticed Crazy Yiuf
  5868 | D:7      | Killed Crazy Yiuf
  6160 | D:8      | Noticed Erica
  6173 | D:8      | Killed Erica
  6173 | D:8      | Reached skill level 1 in Invocations
  6416 | D:8      | Found Qioshresh's Assorted Antiques.
  6636 | D:8      | Found an iron altar of Okawaru.
  6799 | D:9      | Found a staircase to the Lair.
  6799 | D:9      | Noticed an elephant
  6802 | D:9      | Reached ***** piety under Makhleb
  6807 | D:9      | Killed an elephant
  6811 | D:9      | Noticed Grum
  6821 | D:9      | Killed Grum
  6921 | D:9      | Gained mutation: Your magical capacity is low (-10% MP). [potion of mutation]
  6921 | D:9      | Gained mutation: You are somewhat resistant to further mutation. [potion of mutation]
  6964 | D:9      | Found a stormy altar of Qazlal.
  7095 | D:9      | Found a stormy altar of Qazlal.
  7182 | D:9      | Found an ancient bone altar of Kikubaaqudgha.
  7197 | D:9      | Found Omauppen's Weapon Shoppe.
  7317 | D:9      | Found a staircase to the Orcish Mines.
  7443 | D:9      | Found a roughly hewn altar of Beogh.
  7450 | D:9      | Reached skill level 9 in Fighting
  7478 | D:10     | Entered Level 10 of the Dungeon
  7843 | D:10     | Found Puesina's Magic Scroll Emporium.
  7884 | D:10     | Bought a scroll of teleportation for 48 gold pieces
  7884 | D:10     | Bought a scroll of enchant armour for 120 gold pieces
  7884 | D:10     | Bought a scroll of identify for 32 gold pieces
  7884 | D:10     | Bought a scroll of remove curse for 48 gold pieces
  7935 | D:10     | Noticed Erolcha
  7941 | D:10     | Noticed a hill giant
  7945 | D:10     | Killed Erolcha
  7945 | D:10     | Reached skill level 1 in Maces & Flails
  7945 | D:10     | Reached skill level 1 in Polearms
  7945 | D:10     | Reached XP level 11. HP: 54/80 MP: 12/12
  7963 | D:10     | Noticed imganon's ghost (novice DsBe)
  8529 | D:10     | Killed a hill giant
  8914 | D:10     | Killed imganon's ghost
  9637 | D:10     | Lost mutation: Your magical capacity is low (-10% MP). [potion of cure mutation]
  9637 | D:10     | Lost mutation: You are frail (-10% HP). [potion of cure mutation]
  9637 | D:10     | Lost mutation: You are somewhat resistant to further mutation. [potion of cure mutation]
  9637 | D:10     | Lost mutation: You are agile. (Dex +2) [potion of cure mutation]
  9982 | D:11     | Found Eshops's Demolitions Depot.
  9993 | D:11     | Noticed a hill giant
 10008 | D:11     | Killed a hill giant
 10057 | D:11     | Reached skill level 5 in Invocations
 10445 | D:11     | Noticed a skeletal warrior
 10461 | D:11     | Noticed a death knight
 10467 | D:11     | Killed a skeletal warrior
 10472 | D:11     | Noticed a phantasmal warrior
 10487 | D:11     | Killed a death knight
 10506 | D:11     | Killed a phantasmal warrior
 11279 | D:12     | Found an oddly glowing altar of Pakellas.
 11321 | D:12     | Noticed a purple ugly thing
 11330 | D:12     | Killed a purple ugly thing
 11334 | D:12     | Gained mutation: You are frail (-10% HP). [mutagenic meat]
 11335 | D:12     | Gained mutation: Your natural rate of healing is unusually fast. [mutagenic meat]
 11336 | D:12     | Gained mutation: You have a pair of small horns on your head. [mutagenic meat]
 11337 | D:12     | Gained mutation: Your muscles are strong. (Str +2) [mutagenic meat]
 11371 | D:12     | Killed an unseen horror
 11424 | D:12     | Noticed a hill giant
 11433 | D:12     | Killed a hill giant
 11550 | D:12     | Noticed a hill giant
 11560 | D:12     | Killed a hill giant
 11714 | D:12     | Gained mutation: Your flesh is cold resistant. [demonic ancestry]
 11714 | D:12     | Reached XP level 12. HP: 78/87 MP: 16/16
 11733 | D:12     | Found Xuxatzal's Antique Weapon Shop.
 11952 | D:12     | Reached skill level 10 in Fighting
 12164 | D:13     | Found a portal to a secret trove of treasure.
 12309 | D:13     | Noticed Sonja
 12312 | D:13     | Cast into level 1 of the Abyss (Sonja)
 12312 | Abyss:1  | Found a corrupted altar of Lugonu.
 12334 | Abyss:1  | Found a corrupted altar of Lugonu.
 12340 | Abyss:1  | Found a corrupted altar of Lugonu.
 12375 | Abyss:1  | Gained mutation: Your magical capacity is low (-10% MP). [a neqoxec]
 12376 | Abyss:1  | Gained mutation: You are agile. (Dex +2) [a neqoxec]
 12380 | Abyss:1  | Gained mutation: You occasionally shout uncontrollably at your foes. [a neqoxec]
 12515 | Abyss:1  | Noticed a starcursed mass
 12516 | Abyss:1  | Noticed a tentacled starspawn
 12522 | Abyss:1  | HP: 3/88 [hellion/damnation (21)]
 12522 | Abyss:1  | Killed from afar by a starcursed mass

Skill      XL: |  1  2  3  4  5  6  7  8  9 10 11 12 |
---------------+-------------------------------------+-----
Axes           | 2 3 4 5 6 7 8 9 |  9.2
Shields        | 3 4 5 6 8 9 |  9.1
Armour         | 3 4 5 6 7 8 9 |  9.4
Fighting       | 4 5 6 8 9 10 | 10.4
Invocations    | 3 6 7 |  7.4
Maces & Flails | 1 3 4 |  4.8
Polearms       | 1 2 |  2.2

Action                   |  1- 3 |  4- 6 |  7- 9 | 10-12 || total
-------------------------+-------+-------+-------+-------++-------
Melee: War axe           |   109 |    83 |   127 |       ||   319
       Kick              |       |    30 |   216 |   356 ||   602
       Spear             |       |       |   354 |   115 ||   469
       Broad axe         |       |       |       |   116 ||   116
       Flail             |       |       |       |   639 ||   639
       Headbutt          |       |       |       |    75 ||    75
Throw: Javelin           |       |       |       |     2 ||     2
Invok: Major Destruction |       |       |       |     7 ||     7
       Minor Destruction |       |       |       |     6 ||     6
       Lesser Servant of |       |       |       |     8 ||     8
       Greater Servant o |       |       |       |     1 ||     1
  Use: Scroll            |     3 |     8 |     5 |    20 ||    36
       Potion            |       |     4 |     7 |    12 ||    23
 Stab: Distracted        |       |       |       |     2 ||     2
  Eat: Pizza             |     1 |       |     1 |       ||     2
       Chunk             |       |     1 |     5 |    29 ||    35
       Beef jerky        |       |     3 |     1 |       ||     4
       Meat ration       |       |       |       |     2 ||     2
Armor: Scale mail        |    45 |     5 |       |       ||    50
       Plate armour      |       |    51 |   196 |   489 ||   736
       Skin              |       |       |       |    19 ||    19
Dodge: Dodged            |    32 |    15 |    47 |   121 ||   215
Block: Shield            |    76 |    64 |   310 |   747 ||  1197
